 Dungeon Crawl Stone Soup version 0.29.1-12-g30fa7ad0bf (webtiles) character file.

Game seed: 13885248125533588662

5618 wormed the Grappler (level 10, -1/106 HPs)
             Began as a Troll Gladiator on Dec 26, 2022.
             Was a Follower of Elyvilon.
             Slain by a yak (5 damage)
             ... on level 9 of the Dungeon.
             The game lasted 00:18:46 (8817 turns).

wormed the Grappler (Troll Gladiator)               Turns: 8817, Time: 00:18:47

Health: -1/106     AC:  7    Str: 26    XL:     10   Next: 45%
Magic:  0/9        EV: 10    Int:  2    God:    Elyvilon [*.....]
Gold:   591        SH:  0    Dex: 11    Spells: 9/9 levels left

rFire   . . .      SeeInvis .     - Unarmed
rCold   + + +      Faith    .   (no shield)
rNeg    . . .      Spirit   +   J - +2 robe {Will+}
rPois   .          Reflect  .   b - +0 hat
rElec   .          Harm     .   x - +0 cloak
rCorr   .          Rampage  .   (gloves unavailable)
Will    ++...                   (boots unavailable)
Stlth   +.........              j - amulet of guardian spirit
HPRegen 1.07/turn               o - ring of Foolhardiness {Contam +Blink rC+++ Will+ Int-4}
MPRegen 0.11/turn               (no ring)

@: lethally poisoned (-1 -> -5), slowed, very slow
A: large, unfitting armour, claws 3, regeneration 1, shaggy fur 1, tough skin 1
a: Renounce Religion, Evoke Blink, Purification


You were on level 9 of the Dungeon.
You worshipped Elyvilon.
Elyvilon was aware of your devotion.
You visited 2 branches of the dungeon, and saw 10 of its levels.

You collected 591 gold pieces.

Inventory:

Missiles
 c - 4 throwing nets
Armour
 b - a +0 hat (worn)
 q - a scarf of resistance
 x - a +0 cloak (worn)
 H - a +1 robe of cold resistance
 J - a +2 robe of willpower (worn)
Jewellery
 h - an amulet of faith
 j - an amulet of guardian spirit (around neck)
 o - the ring of Foolhardiness (left claw) {Contam +Blink rC+++ Will+ Int-4}
   (You found it on level 3 of the Dungeon)

   [ring of willpower]

   Int:       It affects your intelligence (-4).
   rC:        It renders you almost immune to cold.
   +Blink:    It lets you blink.
   Contam:    It causes magical contamination when unequipped.
   Will:      It increases your willpower.
Wands
 d - a wand of polymorph (18)
 r - a wand of flame (12) (quivered)
 E - a wand of roots (9)
Scrolls
 a - a scroll of fear {unknown}
 i - 2 scrolls of poison {unknown}
 l - a scroll of butterflies
 n - 4 scrolls of immolation {unknown}
 t - a scroll of brand weapon {unknown}
 v - a scroll of vulnerability
 w - a scroll of silence {unknown}
 y - 2 scrolls of magic mapping
 A - 4 scrolls of noise {unknown}
 C - a scroll of teleportation {unknown}
 D - 2 scrolls of enchant armour {unknown}
Potions
 e - a potion of heal wounds
 f - 4 potions of flight
 g - 2 potions of attraction
 k - 3 potions of degeneration
 m - a potion of magic
 p - 2 potions of mutation
 s - 4 potions of curing
 u - 2 potions of brilliance
 z - 3 potions of invisibility
 B - a potion of resistance
 G - a potion of lignification


   Skills:
 + Level 8.9 Fighting
 - Level 2.0 Throwing
 - Level 3.0 Dodging
 - Level 12.0 Unarmed Combat


You had 9 spell levels left.
You didn't know any spells.
Your spell library contained the following spells:

 Spells                   Type           Power      Damage    Failure   Level
 Apportation              Tloc           0%         N/A       54%         1
 Magic Dart               Conj           0%         1d3       54%         1
 Slow                     Hex            0%         N/A       54%         1
 Sting                    Tmut/Pois      0%         1d3       54%         1
 Call Imp                 Summ           0%         N/A       69%         2
 Poisonous Vapours        Pois/Air       0%         N/A       69%         2
 Confusing Touch          Hex            0%         N/A       89%         3
 Dazzling Flash           Conj/Hex       0%         N/A       89%         3
 Gell's Gravitas          Tloc           0%         N/A       89%         3
 Lesser Beckoning         Tloc           0%         N/A       89%         3
 Mephitic Cloud           Conj/Pois/Air  0%         N/A       89%         3
 Stone Arrow              Conj/Erth      0%         3d7       89%         3
 Teleport Other           Tloc           0%         N/A       89%         3
 Vampiric Draining        Necr           0%         2d6       89%         3
 Animate Armour           Summ/Erth      0%         N/A       100%        4
 Fulminant Prism          Conj/Hex       0%         3d6       100%        4
 Iskenderun's Mystic Bla  Conj/Tloc      0%         2d3       100%        4
 Olgreb's Toxic Radiance  Pois           0%         N/A       100%        4
 Agony                    Necr           0%         N/A       100%        5
 Alistair's Intoxication  Tmut/Pois      0%         N/A       100%        5
 Iskenderun's Battlesphe  Conj           0%         2d6       100%        5
 Lee's Rapid Deconstruct  Erth           0%         3d5*      100%        5
 Silence                  Hex/Air        0%         N/A       100%        5
 Summon Forest            Summ/Tloc      0%         N/A       100%        5
 Summon Mana Viper        Hex/Summ       0%         N/A       100%        5
 Iron Shot                Conj/Erth      0%         9d1       100%        6
 Starburst                Conj/Fire      0%         6d3       100%        6
 Summon Cactus Giant      Summ           0%         N/A       100%        6
 Spellforged Servitor     Conj/Summ      0%         N/A       100%        7
 Lehudib's Crystal Spear  Conj/Erth      0%         10d2      100%        8


Dungeon Overview and Level Annotations

Branches:
Dungeon (9/15)             Temple (1/1) D:7
   Lair: D:8-11         Orc: D:9-12

Altars:
Ashenzari
Cheibriados
Dithmenos
Elyvilon
Fedhas
Gozag
Hepliaklqana
Kikubaaqudgha
Makhleb
Nemelex Xobeh
Qazlal
Sif Muna
Uskayaw
Vehumet
Xom
Yredelemnul
Zin
The Shining One


Innate Abilities, Weirdness & Mutations

You are too large for most types of armour.
You have claws for hands.
Your natural rate of healing is unusually fast.
You are covered in fur. (AC +1)
You have tough skin. (AC +1)


Message History

You claw the yak!
The yak is almost dead.
You scratch the yak but do no damage. Your claw misses the yak.
The yak is almost dead.
The yak gores you. The yak closely misses you.
You mangle the yak!!
You kill the yak!
The yak gores you. The yak gores you but does no damage.
You barely miss the yak.
The yak is almost dead.
The yak gores you! x3
You mangle the yak!!
You kill the yak!
You scratch the hornet.
The hornet is lightly wounded.
The yak gores you. The hornet stings you!
You are poisoned.
You suddenly lose the ability to move!
You feel sick. The hornet stings you!
You feel yourself slow down. The yak completely misses you. The yak gores you.
You feel sick. The hornet stings you!
* * * LOW HITPOINT WARNING * * *
You are more poisoned.
You feel as though you will be slow longer.
The yak gores you but does no damage. The yak gores you!
* * * LOW HITPOINT WARNING * * *
The yak gores you but does no damage. The hornet stings you.
* * * LOW HITPOINT WARNING * * *
You feel as though you will be slow longer.
You can move again.
You feel much better.
You feel very sick. The hornet closely misses you. The yak gores you.
* * * LOW HITPOINT WARNING * * *
The yak gores you but does no damage. The yak gores you!
* * * LOW HITPOINT WARNING * * *
The hornet closely misses you. The yak gores you!
* * * LOW HITPOINT WARNING * * *
The yak gores you.
You die...

###.####### #..##
##..# ###.#####
#.......# #.......#
#.......# #.......#
#...@Y..#
.###..YyY..#
...........#######.
~≈~≈≈≈≈............
~#####~....########
#~...## #~.#.#
#~.... #~.....


You could see 3 yaks and a hornet.

Vanquished Creatures
  Erica (D:8)
  A two-headed ogre (D:8)
  Sigmund (D:3)
  A wyvern (D:8)
  Eustachio (D:4)
  2 yaks (D:9)
  Duvessa (D:4)
  A water moccasin (D:7)
  2 sky beasts (D:8)
  2 black bears
  An ice beast (D:7)
  5 ogres
  5 centaurs
  3 phantoms (D:5)
  A kobold brigand (D:7)
  A necrophage (D:4)
  2 bullfrogs
  A gnoll sergeant (D:8)
  2 scorpions
  9 wights
  Dowan (D:4)
  2 electric eels (D:6)
  A howler monkey (D:4)
  3 hounds
  2 orc priests (D:8)
  Crazy Yiuf (D:3)
  A gnoll bouda (D:5)
  4 jellies
  Jessica (D:3)
  Natasha (thrice) (D:3)
  3 iguanas
  6 orc wizards
  10 gnolls
  3 adders
  A white imp (D:3)
  An ufetubus (D:5)
  A worm (D:4)
  20 orcs
  7 ball pythons
  7 endoplasms
  A giant cockroach (D:1)
  8 goblins
  6 hobgoblins
  11 jackals
  14 kobolds
  4 quokkas
  8 bats
  A frilled lizard (D:2)
  2 rats
176 creatures vanquished.

Vanquished Creatures (others)
  5 dream sheep (D:6)
  A sky beast (D:7)
6 creatures vanquished.

Grand Total: 182 creatures vanquished

Notes
Turn   | Place    | Note
-------+----------+-------------------------------------------
     0 | D:1      | wormed the Troll Gladiator began the quest for the Orb.
     0 | D:1      | Reached XP level 1. HP: 19/19 MP: 0/0
    61 | D:1      | Reached XP level 2. HP: 27/28 MP: 1/1
   592 | D:1      | Reached XP level 3. HP: 35/35 MP: 2/2
  1785 | D:3      | Noticed Jessica
  1849 | D:3      | Noticed Natasha
  1849 | D:3      | Found a hide-covered altar of Uskayaw.
  1860 | D:3      | Killed Natasha
  1861 | D:3      | Reached skill level 4 in Unarmed Combat
  1861 | D:3      | Reached XP level 4. HP: 23/42 MP: 1/3
  1876 | D:3      | Identified the ring of Foolhardiness {Contam +Blink rC+++
                  | Will+ Int-4}
  1919 | D:3      | Noticed Natasha
  1929 | D:3      | Killed Natasha
  1944 | D:3      | Noticed Sigmund
  2245 | D:3      | Killed Jessica
  2246 | D:3      | Reached skill level 5 in Unarmed Combat
  2246 | D:3      | Reached XP level 5. HP: 34/49 MP: 2/4
  2268 | D:3      | Killed Sigmund
  2269 | D:3      | Reached skill level 6 in Unarmed Combat
  2269 | D:3      | Reached XP level 6. HP: 57/57 MP: 5/5
  2323 | D:3      | Noticed Natasha
  2327 | D:3      | Killed Natasha
  2471 | D:3      | Found an opulent altar of Gozag.
  2584 | D:3      | Found a runed translucent door.
  2585 | D:3      | Noticed Crazy Yiuf
  2704 | D:3      | Killed Crazy Yiuf
  3064 | D:4      | Reached skill level 7 in Unarmed Combat
  3166 | D:4      | Found a shadowy altar of Dithmenos.
  3305 | D:4      | Noticed Duvessa
  3312 | D:4      | Noticed Dowan
  3313 | D:4      | Killed Duvessa
  3314 | D:4      | Reached XP level 7. HP: 52/65 MP: 6/6
  3350 | D:4      | Killed Dowan
  3351 | D:4      | Reached skill level 8 in Unarmed Combat
  3469 | D:4      | Noticed Eustachio
  3506 | D:4      | Killed Eustachio
  3824 | D:4      | Reached XP level 8. HP: 44/76 MP: 3/7
  4263 | D:5      | Entered Level 5 of the Dungeon
  4566 | D:5      | Reached skill level 9 in Unarmed Combat
  5080 | D:5      | Found an ancient bone altar of Kikubaaqudgha.
  5125 | D:5      | Found a radiant altar of Vehumet.
  5259 | D:5      | Reached skill level 5 in Fighting
  5340 | D:5      | Reached skill level 10 in Unarmed Combat
  5934 | D:6      | Noticed a dream sheep
  5934 | D:6      | Noticed a dream sheep
  5934 | D:6      | Noticed a dream sheep
  5934 | D:6      | Noticed a dream sheep
  5934 | D:6      | Noticed a dream sheep
  5934 | D:6      | Found a shimmering altar of Xom.
  5937 | D:6      | Killed a dream sheep
  5937 | D:6      | Killed a dream sheep
  5937 | D:6      | Killed a dream sheep
  5937 | D:6      | Killed a dream sheep
  5937 | D:6      | Killed a dream sheep
  6121 | D:6      | Reached XP level 9. HP: 83/88 MP: 8/8
  6717 | D:7      | Found a staircase to the Ecumenical Temple.
  7002 | D:7      | Reached skill level 11 in Unarmed Combat
  7053 | D:7      | Found a broken altar of Ashenzari.
  7114 | D:7      | Found a blossoming altar of Fedhas.
  7486 | Temple   | Entered the Ecumenical Temple
  7491 | Temple   | Became a worshipper of Elyvilon the Healer
  7790 | D:8      | Noticed a two-headed ogre
  7904 | D:8      | Reached XP level 10. HP: 82/102 MP: 6/9
  7952 | D:8      | Noticed Erica
  7958 | D:8      | HP: 2/101 [two-headed ogre/+0 giant spiked club (14)]
  7960 | D:8      | Elyvilon protects you from harm!
  8268 | D:8      | Reached * piety under Elyvilon
  8395 | D:8      | Killed Erica
  8396 | D:8      | Reached skill level 12 in Unarmed Combat
  8671 | D:8      | Killed a two-headed ogre
  8814 | D:9      | Paralysed by a hornet for 2 turns
  8817 | D:9      | HP: 4/106 [yak (11)]
  8817 | D:9      | Slain by a yak

Illustrated notes

Levels and vault maps discovered:
D:1:      dpeg_arrival_simpleton_b, layout_basic
D:2:      layout_basic
D:3:      layout_rooms, amcnicky_altar_gilded,
          mainiacjoe_overflow_small_starburst, skrybe_limestone_x, uniq_jessica,
          uniq_sigmund, uniq_crazy_yiuf_cottage, uniq_natasha
D:4:      layout_cave_pods, grunt_dithmenos_smoke_and_mirrors,
          minmay_box_of_dots, uniq_eustachio, uniq_duvessa
D:5:      layout_loops_corners, kiku_gazebo_pond_becter,
          mainiacjoe_overflow_24_doors, chequers_serial_rivers_micro_c
D:6:      layout_loops_ring, kb_xom_exploding_sheep, serial_bayou_lagoon_b
D:7:      layout_loops_cross, fedhas_altar_2, ashenzari_conservatory_becter,
          minmay_temple_entry_hall
D:8:      layout_cave_pools, uniq_erica
D:9:      layout_roguey, lemuel_crystal_altar, enter_bailey_3
Temple:   nicolae_temple_ecumenical_triangle

Skill      XL: |  1  2  3  4  5  6  7  8  9 10 |
---------------+-------------------------------+-----
Throwing       | 2 |  2.0
Fighting       | 2 3 5 7 8 |  8.9
Dodging        | 3 |  3.0
Unarmed Combat | 4 5 6 7 8 10 11 12 | 12.0

Action                   |  1- 3 |  4- 6 |  7- 9 | 10-12 || total
-------------------------+-------+-------+-------+-------++-------
Melee: Unarmed           |   117 |    68 |   246 |    62 ||   493
       Punch             |       |     3 |    14 |     3 ||    20
Throw: Large rock        |       |     3 |     1 |       ||     4
       Throwing net      |       |       |     1 |       ||     1
Evoke: Wand              |       |     2 |     5 |     9 ||    16
  Use: Potion            |       |       |     2 |     3 ||     5
       Scroll            |       |       |    12 |     2 ||    14
 Stab: Sleeping          |     1 |       |     1 |       ||     2
Armor: Robe              |    38 |    13 |    45 |     7 ||   103
       Skin              |       |       |     2 |       ||     2
Dodge: Dodged            |    60 |    36 |   102 |    23 ||   221
